 Dungeon Crawl Stone Soup version 0.28.0-49-g6dfe1f597d (webtiles) character file.

Game seed: 14465572340092471278

4 H0rd4k the Charlatan (level 1, 0/15 HPs)
             Began as a Human Artificer on May 18, 2022.
             Slain by a bat (1 damage)
             ... on level 1 of the Dungeon.
             The game lasted 00:00:22 (232 turns).

H0rd4k the Charlatan (Human Artificer)               Turns: 232, Time: 00:00:23

Health: 0/15       AC:  3    Str: 12    XL:     1   Next: 77%
Magic:  1/1        EV: 11    Int: 11    God:
Gold:   0          SH:  0    Dex: 13    Spells: 0/0 levels left

rFire   . . .      SeeInvis .   a - +0 club
rCold   . . .      Faith    .   (no shield)
rNeg    . . .      Spirit   .   b - +0 leather armour
rPois   .          Reflect  .   (no helmet)
rElec   .          Harm     .   (no cloak)
rCorr   .          Rampage  .   (no gloves)
Will    .....                   (no boots)
Stlth   +.........              (no amulet)
HPRegen 0.05/turn               (no ring)
MPRegen 0.07/turn               (no ring)

@: no status effects
A: no striking features
a: no special abilities


You were on level 1 of the Dungeon.
You visited 1 branch of the dungeon, and saw 1 of its levels.

Inventory:

Hand Weapons
 a - a +0 club (weapon)
Armour
 b - a +0 leather armour (worn)
Wands
 c - a wand of flame (15) (quivered)
 d - a wand of charming (14)
Scrolls
 g - a scroll of torment {unknown}
Potions
 f - a potion of brilliance {unknown}
Miscellaneous
 e - a piece from Xom's chessboard (15/15)


   Skills:
 + Level 1.0 Fighting
 + Level 2.0 Armour
 + Level 1.0 Dodging
 + Level 1.0 Stealth
 + Level 3.3 Evocations


You couldn't memorise any spells.
You didn't know any spells.
Your spell library was empty.

Dungeon Overview and Level Annotations

Branches:
Dungeon (1/15)

Altars:


Message History

t - Shout!
Orders for allies: a - Attack new target. p - Attack previous target. r - Retreat! s - Stop attacking. g - Guard the area. f - Follow me.
Anything else - Cancel.
Guard this area!
The bat hits you but does no damage. The bat hits you.
* * * LOW HITPOINT WARNING * * *
You completely miss the bat. The bat barely misses you.
The bat hits you but does no damage. The bat hits you but does no damage.
You miss the bat. The bat hits you but does no damage.
The bat barely misses you. The bat misses you.
The bat hits you but does no damage.
You hit the bat.
The bat is severely wounded.
The bat misses you. The bat hits you.
* * * LOW HITPOINT WARNING * * *
You barely miss the bat. The bat barely misses you.
You miss the bat. The bat hits you.
* * * LOW HITPOINT WARNING * * *
The bat barely misses you.
You hit the bat but do no damage. The bat barely misses you.
The bat hits you but does no damage. The bat closely misses you.
The bat hits you but does no damage.
You hit the bat.
The bat is moderately wounded.
The bat barely misses you. The bat closely misses you.
You miss the bat.
The bat is moderately wounded.
The bat hits you but does no damage. The bat hits you.
* * * LOW HITPOINT WARNING * * *
You hit the bat but do no damage.
The bat is moderately wounded.
The bat barely misses you. The bat hits you but does no damage.
You closely miss the bat.
The bat is moderately wounded.
The bat closely misses you. The bat hits you.
You die...

### ...###..# #._ ##†#.(..#
#.# ##....# #.###..#.##
#.#...##b.# ##...### #... #
####### ###..### ..#:
..#.....## ###.b..# ..# #
.........###>.@...# ..
..........##..##### #....
..........#...# #..#
.............## #..#
.............### #..#
..........##...#### #..#
.........#...#....# #..#
..#........######.######..#
.......................(..#


You could see a bat.

Vanquished Creatures
  A ball python (D:1)
  An endoplasm (D:1)
  A bat (D:1)
  A frilled lizard (D:1)
  A rat (D:1)
5 creatures vanquished.

Notes
Turn   | Place    | Note
-------+----------+-------------------------------------------
     0 | D:1      | H0rd4k the Human Artificer began the quest for the Orb.
     0 | D:1      | Reached XP level 1. HP: 15/15 MP: 1/1
   192 | D:1      | Found a faded altar of an unknown god.
   232 | D:1      | Slain by a bat

Illustrated notes

Levels and vault maps discovered:
D:1:      erik_arrival_orb_chamber, layout_rooms, basic_ecumenical_altar,
          hangedman_decor_growths, minmay_hexomino_u4

Action                   || total
-------------------------++-------
Melee: Club              ||    34
Evoke: Wand              ||     1
Armor: Leather armour    ||    19
Dodge: Dodged            ||    37
